SOL
CHARLOTTE HORNETS @ ASHEVILLE TOURISTS
06/28/1982
 
TOP OF THE 1ST
Charlotte Hornets batting - Pitching for Asheville Tourists : RHP Lazaro Santin
Pitching: RHP Lazaro Santin
Batting: RHB Charles Stafford 0-0: Called Strike
0-1: Ball
1-1: Foul Ball, location: 2F
1-2: Ball
2-2: Foul Ball, location: 2F
2-2: SINGLE (Groundball, 6D, EV 98.1 MPH)
Batting: RHB Juan Bonilla 0-0: Swinging Strike
0-1: Ball
1-1: Swinging Strike
1-2: Ball
2-2: Grounds into double play, 6-4-3 (Groundball, 56, EV 88.8 MPH)
Batting: RHB Ron Johnson 0-0: Ball
1-0: Ball
2-0: Swinging Strike
2-1: Called Strike
2-2: Foul Ball, location: 2F
2-2: Foul Ball, location: 2F
2-2: Foul Ball, location: 2F
2-2: Strikes out looking
Top of the 1st over - 0 runs, 1 hit, 0 errors, 0 left on base; Charlotte 0 - Asheville 0
BOTTOM OF THE 1ST
Asheville Tourists batting - Pitching for Charlotte Hornets : RHP Dale Mohorcic
Pitching: RHP Dale Mohorcic
Batting: RHB Ulises Infante 0-0: Foul Ball, location: 2F
0-1: Called Strike
0-2: Fly out, F4 (Popup, 4, EV 65.6 MPH)
Batting: LHB Steven Morrison 0-0: Ball
1-0: Fly out, F8 (Line Drive, 8RD, EV 92.5 MPH)
Batting: RHB Wes Robbins 0-0: Called Strike
0-1: Ball
1-1: Ball
2-1: Ball
3-1: Fly out, F9 (Line Drive, 9, EV 86.3 MPH)
Bottom of the 1st over - 0 runs, 0 hits, 0 errors, 0 left on base; Charlotte 0 - Asheville 0
TOP OF THE 2ND
Charlotte Hornets batting - Pitching for Asheville Tourists : RHP Lazaro Santin
Batting: RHB Tom Romano 0-0: Ball
1-0: Called Strike
1-1: Foul Ball, location: 2F
1-2: Foul Ball, location: 3F, Error on foul ball, E3
1-2: Ball
2-2: Ball
3-2: Foul Ball, location: 2F
3-2: Base on Balls
Batting: RHB Barry Lyons 0-0: Ball
1-0: Grounds into double play, 6-4-3 (Groundball, 6, EV 85.0 MPH)
Batting: LHB Jesus Diaz 0-0: Ball
1-0: Foul Ball, location: 2F
1-1: Foul Ball, location: 2F
1-2: SINGLE (Line Drive, 78M, EV 96.9 MPH)
Batting: RHB Alvaro Espinoza 0-0: Called Strike
0-1: Called Strike
0-2: Ball
1-2: Ball
Jesus Diaz steals 2nd base
2-2: Foul Ball, location: 2F
2-2: Ball
3-2: SINGLE (Groundball, 6D, EV 98.1 MPH)
Jesus Diaz to third
Jesus Diaz scores
Batting: SHB Jose Mota 0-0: Ball
1-0: Ball
2-0: Called Strike
2-1: Ball
3-1: Called Strike
3-2: Base on Balls
Alvaro Espinoza to second
Batting: RHB John O'Rear 0-0: Ball
1-0: Foul Ball, location: 2F
1-1: Called Strike
1-2: Strikes out looking
Top of the 2nd over - 1 run, 2 hits, 1 error, 2 left on base; Charlotte 1 - Asheville 0
BOTTOM OF THE 2ND
Asheville Tourists batting - Pitching for Charlotte Hornets : RHP Dale Mohorcic
Batting: LHB Donald Mazzilli 0-0: Called Strike
0-1: Called Strike
0-2: Foul Ball, location: 2F
0-2: Ball
1-2: Ball
2-2: Fly out, F9 (Flyball, 9D, EV 98.1 MPH)
Batting: LHB Michael Wishnevski 0-0: Foul Ball, location: 2F
0-1: Fly out, F8 (Flyball, 8LM, EV 93.8 MPH)
Batting: RHB Edward Petryschuk 0-0: Called Strike
0-1: Ball
1-1: Ball
2-1: Called Strike
2-2: Ball
3-2: Foul Ball, location: 2F
3-2: Base on Balls
Batting: RHB Gareth Ledbetter 0-0: Foul Ball, location: 2F
0-1: Ball
1-1: Ball
2-1: Called Strike
2-2: Ball
3-2: Strikes out swinging
Bottom of the 2nd over - 0 runs, 0 hits, 0 errors, 1 left on base; Charlotte 1 - Asheville 0
TOP OF THE 3RD
Charlotte Hornets batting - Pitching for Asheville Tourists : RHP Lazaro Santin
Batting: RHB Charles Stafford 0-0: Called Strike
0-1: Called Strike
0-2: Ball
1-2: Foul Ball, location: 2F
1-2: Foul Ball, location: 2F
1-2: Ball
2-2: Ball
3-2: Foul Ball, location: 2F
3-2: Foul Ball, location: 2F
3-2: Strikes out swinging
Batting: RHB Juan Bonilla 0-0: Ball
1-0: Ground out 5-3 (Groundball, 56, EV 79.4 MPH)
Batting: RHB Ron Johnson 0-0: Foul Ball, location: 2F
0-1: Foul Ball, location: 2F
0-2: Ground out 1-3 (Groundball, 15, EV 73.1 MPH)
Top of the 3rd over - 0 runs, 0 hits, 0 errors, 0 left on base; Charlotte 1 - Asheville 0
BOTTOM OF THE 3RD
Asheville Tourists batting - Pitching for Charlotte Hornets : RHP Dale Mohorcic
Batting: SHB Wayne Simmons 0-0: Called Strike
0-1: Foul Ball, location: 2F
0-2: Ball
1-2: SINGLE (Line Drive, 4D, EV 105.6 MPH)
Batting: RHB Jack Ramirez 0-0: DOUBLE (Line Drive, 7LS, EV 93.1 MPH)
Wayne Simmons to third
Batting: RHB Ulises Infante 0-0: Ground out 5-3 (Groundball, 5S, EV 93.1 MPH)
Batting: LHB Steven Morrison 0-0: Ball
1-0: Ball
2-0: Swinging Strike
2-1: Ball
3-1: Ground out 6-3 (Groundball, 6, EV 80.6 MPH)
Wayne Simmons scores
Jack Ramirez to third
Batting: RHB Wes Robbins 0-0: Ball
1-0: Ball
2-0: Called Strike
2-1: 2-RUN HOME RUN (Flyball, 78XD, EV 110.0 MPH), Distance : 419 ft
Batting: LHB Donald Mazzilli 0-0: Ball
1-0: Fly out, F8 (Line Drive, 8LM, EV 90.0 MPH)
Bottom of the 3rd over - 3 runs, 3 hits, 0 errors, 0 left on base; Charlotte 1 - Asheville 3
TOP OF THE 4TH
Charlotte Hornets batting - Pitching for Asheville Tourists : RHP Lazaro Santin
Batting: RHB Tom Romano 0-0: Ball
1-0: Fly out, F4 (Popup, 4S, EV 63.1 MPH)
Batting: RHB Barry Lyons 0-0: Called Strike
0-1: Foul Ball, location: 2F
0-2: Strikes out swinging
Batting: LHB Jesus Diaz 0-0: Fly out, F8 (Flyball, 8LM, EV 90.0 MPH)
Top of the 4th over - 0 runs, 0 hits, 0 errors, 0 left on base; Charlotte 1 - Asheville 3
BOTTOM OF THE 4TH
Asheville Tourists batting - Pitching for Charlotte Hornets : RHP Dale Mohorcic
Batting: LHB Michael Wishnevski 0-0: Fly out, F8 (Flyball, 8RXD, EV 105.6 MPH)
Batting: RHB Edward Petryschuk 0-0: DOUBLE (Flyball, 8LXD, EV 87.5 MPH)
Batting: RHB Gareth Ledbetter 0-0: Swinging Strike
0-1: Ball
1-1: Foul Ball, location: 2F
1-2: Foul Ball, location: 2F
1-2: Fly out, F3 (Popup, 3SF, EV 75.6 MPH)
Batting: SHB Wayne Simmons 0-0: Ball
1-0: Swinging Strike
1-1: Fly out, F7 (Flyball, 78S, EV 89.4 MPH)
Bottom of the 4th over - 0 runs, 1 hit, 0 errors, 1 left on base; Charlotte 1 - Asheville 3
TOP OF THE 5TH
Charlotte Hornets batting - Pitching for Asheville Tourists : RHP Lazaro Santin
Batting: RHB Alvaro Espinoza 0-0: Called Strike
0-1: Swinging Strike
0-2: Ball
1-2: Foul Ball, location: 2F
1-2: Reached on error, E9 (Flyball, 9LS, EV 91.3 MPH)
Batting: SHB Jose Mota 0-0: Ball
1-0: Foul Ball, location: 2F
1-1: SINGLE (Groundball, 13S, EV 70.0 MPH) (infield hit)
Alvaro Espinoza to second
Batting: RHB John O'Rear 0-0: Foul Ball, location: 2F
0-1: Called Strike
0-2: Ball
1-2: Ball
2-2: Foul Ball, location: 2F
2-2: TRIPLE (Flyball, 78XD, EV 99.4 MPH)
Alvaro Espinoza scores
Jose Mota scores
Batting: RHB Charles Stafford 0-0: Called Strike
0-1: Ball
1-1: Ball
2-1: Called Strike
2-2: Strikes out looking
Batting: RHB Juan Bonilla 0-0: Ball
1-0: Ground out 6-3 (Groundball, 6, EV 87.5 MPH)
John O'Rear scores
Batting: RHB Ron Johnson 0-0: Ground out 6-3 (Groundball, 6, EV 90.6 MPH)
Top of the 5th over - 3 runs, 2 hits, 1 error, 0 left on base; Charlotte 4 - Asheville 3
BOTTOM OF THE 5TH
Asheville Tourists batting - Pitching for Charlotte Hornets : RHP Dale Mohorcic
Batting: RHB Jack Ramirez 0-0: Swinging Strike
0-1: Ball
1-1: Ground out 6-3 (Groundball, 56, EV 88.8 MPH)
Batting: RHB Ulises Infante 0-0: Called Strike
0-1: Swinging Strike
0-2: SINGLE (Groundball, 56D, EV 98.8 MPH)
Batting: LHB Steven Morrison 0-0: Called Strike
Ulises Infante steals 2nd base
0-1: Called Strike
0-2: Foul Ball, location: 2F
0-2: Ball
1-2: Fly out, F4 (Line Drive, 4, EV 68.8 MPH)
Batting: RHB Wes Robbins 0-0: Ground out 6-3 (Groundball, 6, EV 88.1 MPH)
Bottom of the 5th over - 0 runs, 1 hit, 0 errors, 1 left on base; Charlotte 4 - Asheville 3
TOP OF THE 6TH
Charlotte Hornets batting - Pitching for Asheville Tourists : RHP Lazaro Santin
Batting: RHB Tom Romano 0-0: Ball
1-0: Ball
2-0: Foul Ball, location: 2F
2-1: Swinging Strike
2-2: Fly out, F8 (Flyball, 8RD, EV 73.1 MPH)
Batting: RHB Barry Lyons 0-0: Swinging Strike
0-1: Ball
1-1: Swinging Strike
1-2: Strikes out swinging
Batting: LHB Jesus Diaz 0-0: Ball
1-0: Ball
2-0: Swinging Strike
2-1: SINGLE (Line Drive, 6D, EV 98.1 MPH)
Batting: RHB Alvaro Espinoza 0-0: Ball
1-0: Foul Ball, location: 2F
1-1: Ball
2-1: Ball
Jesus Diaz steals 2nd base
3-1: SINGLE (Line Drive, 89M, EV 105.6 MPH)
Jesus Diaz to third
Runner from 3rd tries for Home, SAFE, throw by CF to home
Pitching: RHP Robert Allen
Batting: SHB Jose Mota 0-0: Ball
1-0: Swinging Strike
1-1: Ball
2-1: Swinging Strike
2-2: Strikes out swinging
Top of the 6th over - 1 run, 2 hits, 0 errors, 1 left on base; Charlotte 5 - Asheville 3
BOTTOM OF THE 6TH
Asheville Tourists batting - Pitching for Charlotte Hornets : RHP Dale Mohorcic
Batting: LHB Donald Mazzilli 0-0: Ball
1-0: Fly out, F4 (Flyball, 34D, EV 85.6 MPH)
Batting: LHB Michael Wishnevski 0-0: Ball
1-0: Foul Ball, location: 2F
1-1: SINGLE (Line Drive, 78S, EV 104.4 MPH)
Batting: RHB Edward Petryschuk 0-0: Ball
1-0: DOUBLE (Line Drive, 89XD, EV 101.9 MPH)
Michael Wishnevski to third
Runner from 3rd tries for Home, SAFE, throw by CF to home
Batting: RHB Gareth Ledbetter 0-0: Ball
1-0: Fly out, F9 (Flyball, 9S, EV 86.3 MPH)
Batting: SHB Wayne Simmons 0-0: Ball
1-0: Ground out 4-3 (Groundball, 4, EV 98.8 MPH)
Bottom of the 6th over - 1 run, 2 hits, 0 errors, 1 left on base; Charlotte 5 - Asheville 4
TOP OF THE 7TH
Charlotte Hornets batting - Pitching for Asheville Tourists : RHP Robert Allen
Batting: RHB John O'Rear 0-0: Called Strike
0-1: Ball
1-1: Fly out, F7 (Flyball, 78XD, EV 75.6 MPH)
Batting: RHB Charles Stafford 0-0: Ball
1-0: Called Strike
1-1: Ball
2-1: Ball
3-1: Base on Balls
Batting: RHB Juan Bonilla 0-0: Swinging Strike
0-1: Foul Ball, location: 2F
0-2: Foul Ball, location: 2F
0-2: Strikes out swinging
Batting: RHB Ron Johnson 0-0: Foul Ball, location: 2F
0-1: Ball
1-1: Ball
2-1: Fly out, F9 (Line Drive, 9, EV 94.4 MPH)
Top of the 7th over - 0 runs, 0 hits, 0 errors, 1 left on base; Charlotte 5 - Asheville 4
BOTTOM OF THE 7TH
Asheville Tourists batting - Pitching for Charlotte Hornets : RHP Dale Mohorcic
Batting: RHB Jack Ramirez 0-0: Ball
1-0: Swinging Strike
1-1: Foul Ball, location: 2F
1-2: Ground out 1-3 (Groundball, 34S, EV 68.8 MPH)
Batting: RHB Ulises Infante 0-0: Foul Ball, location: 2F
0-1: Swinging Strike
0-2: Foul Ball, location: 2F
0-2: Ball
1-2: Foul Ball, location: 2F
1-2: Strikes out swinging
Batting: LHB Steven Morrison 0-0: Foul Ball, location: 2F
0-1: Called Strike
0-2: Ball
1-2: Strikes out looking
Bottom of the 7th over - 0 runs, 0 hits, 0 errors, 0 left on base; Charlotte 5 - Asheville 4
TOP OF THE 8TH
Charlotte Hornets batting - Pitching for Asheville Tourists : RHP Robert Allen
Batting: RHB Tom Romano 0-0: Called Strike
0-1: Ball
1-1: Foul Ball, location: 2F
1-2: Ball
2-2: Ball
3-2: Strikes out swinging
Batting: RHB Barry Lyons 0-0: Called Strike
0-1: Ball
1-1: Ball
2-1: Ball
3-1: Called Strike
3-2: Foul Ball, location: 2F
3-2: Strikes out swinging
Batting: LHB Jesus Diaz 0-0: Ball
1-0: Called Strike
1-1: Called Strike
1-2: Foul Ball, location: 2F
1-2: Ball
2-2: Ball
3-2: Base on Balls
Pitching: RHP Mickey Replogle
Batting: RHB Alvaro Espinoza 0-0: Ball
Wild Pitch!
Jesus Diaz to second
1-0: Reached on error, E6 (Groundball, 6M, EV 86.3 MPH)
Jesus Diaz scores
Batting: SHB Jose Mota 0-0: Ground out 5-3 (Groundball, 5L, EV 95.0 MPH)
Top of the 8th over - 1 run, 0 hits, 1 error, 1 left on base; Charlotte 6 - Asheville 4
BOTTOM OF THE 8TH
Asheville Tourists batting - Pitching for Charlotte Hornets : RHP Dale Mohorcic
Batting: RHB Wes Robbins 0-0: Ball
1-0: Ball
2-0: Ball
3-0: Called Strike
3-1: DOUBLE (Flyball, 78D, EV 103.1 MPH)
Pitching: RHP Charles Hatcher
Batting: LHB Donald Mazzilli 0-0: Ball
1-0: Ball
2-0: Ball
3-0: Base on Balls
Batting: LHB Michael Wishnevski 0-0: Called Strike
0-1: Foul Ball, location: 2F
0-2: Ball
1-2: Strikes out swinging
Batting: RHB Edward Petryschuk 0-0: Ball
1-0: Called Strike
1-1: Fly out, F8 (Line Drive, 8RM, EV 92.5 MPH)
Batting: RHB Gareth Ledbetter 0-0: Ball
1-0: Ball
2-0: Ball
3-0: Called Strike
3-1: Foul Ball, location: 2F
3-2: Base on Balls
Wes Robbins to third
Donald Mazzilli to second
Batting: SHB Wayne Simmons 0-0: Called Strike
0-1: Swinging Strike
0-2: Ball
1-2: Strikes out swinging
Bottom of the 8th over - 0 runs, 1 hit, 0 errors, 3 left on base; Charlotte 6 - Asheville 4
TOP OF THE 9TH
Charlotte Hornets batting - Pitching for Asheville Tourists : RHP Mickey Replogle
Batting: RHB John O'Rear 0-0: Ball
1-0: Called Strike
1-1: Ball
2-1: Foul Ball, location: 2F
2-2: Foul Ball, location: 2F
2-2: Strikes out swinging
Batting: RHB Charles Stafford 0-0: Ball
1-0: Called Strike
1-1: Foul Ball, location: 2F
1-2: Ball
2-2: Foul Ball, location: 2F
2-2: Strikes out swinging
Batting: RHB Juan Bonilla 0-0: Ground out 5-3 (Groundball, 56S, EV 87.5 MPH)
Top of the 9th over - 0 runs, 0 hits, 0 errors, 0 left on base; Charlotte 6 - Asheville 4
BOTTOM OF THE 9TH
Asheville Tourists batting - Pitching for Charlotte Hornets : RHP Charles Hatcher
Pitching: RHP Jorge Solano
Batting: RHB Jack Ramirez 0-0: Ball
1-0: Ball
2-0: DOUBLE (Line Drive, 9LS, EV 94.4 MPH)
Batting: RHB Ulises Infante 0-0: Ball
1-0: Ball
2-0: Foul Ball, location: 2F
2-1: Called Strike
2-2: Ball
3-2: SINGLE (Flyball, 8LS, EV 90.6 MPH)
Jack Ramirez to third
Batting: LHB Steven Morrison 0-0: Ball
Wild Pitch!
Jack Ramirez scores
Ulises Infante to second
1-0: Ground out U3 (Groundball, 3L, EV 86.3 MPH)
Ulises Infante to third
Batting: RHB Wes Robbins 0-0: Called Strike
0-1: Ball
1-1: 2-RUN HOME RUN (Flyball, 78XD, EV 100.0 MPH), Distance : 421 ft
Bottom of the 9th over - 3 runs, 3 hits, 0 errors, 0 left on base; Charlotte 6 - Asheville 7
Wednesday, August 12th, 2020 - OOTP Baseball 21.5 Build 76